 Dungeon Crawl Stone Soup version 0.21.1-1-g345015f (webtiles) character file.

10619 diana the Impaler (level 11, 0/90 HPs)
             Began as a Merfolk Gladiator on May 28, 2018.
             Was a High Priest of Okawaru.
             Slain by an orc knight
             ... wielding a +0 great sword
              (26 damage)
             ... on level 9 of the Dungeon.
             The game lasted 00:32:54 (11176 turns).

diana the Impaler (Merfolk Gladiator)              Turns: 11176, Time: 00:32:55

Health: 0/90       AC:  5    Str: 16    XL:     11   Next: 64%
Magic:  11/11      EV: 24    Int:  8    God:    Okawaru [*****.]
Gold:   654        SH:  0    Dex: 22    Spells: 10/10 levels left

rFire    . . .     SeeInvis +   L - +6 trident "Orchaane" {speed, +Inv}
rCold    . . .     Gourm    .   (no shield)
rNeg     . . .     Faith    .   u - +1 robe of Uskayaw's Hope {MR+} (curse)
rPois    +         Spirit   .   c - +0 helmet
rElec    .         Reflect  .   z - +0 cloak {MR+}
rCorr    .         Harm     .   (no gloves)
MR       ++...                  (no boots)
Stlth    ++........             I - amulet of magic regeneration
HPRegen  0.25/turn              q - +2 ring of strength
MPRegen  0.37/turn              m - +3 ring of dexterity

@: no status effects
A: change form in water, swift swim, stealthy swim, see invisible, mutation
resistance 1, poison resistance
a: Heroism, Finesse, Renounce Religion, Evoke Invisibility


You were on level 9 of the Dungeon.
You worshipped Okawaru.
Okawaru was extremely pleased with you.
You were not hungry.

You visited 2 branches of the dungeon, and saw 12 of its levels.

You collected 790 gold pieces.
You spent 136 gold pieces at shops.

Inventory:

Hand Weapons
 l - a +1 trident of venom
 L - the +6 trident "Orchaane" (weapon) {speed, +Inv}
   (You found it on level 10 of the Dungeon)

   Attacks with this weapon are significantly faster.
   It lets you turn invisible.
Missiles
 d - 3 throwing nets (quivered)
Armour
 c - a +0 helmet (worn)
 u - the cursed +1 robe of Uskayaw's Hope (worn) {MR+}
   (You bought it in a shop on level 4 of the Dungeon)

   It affects your resistance to hostile enchantments.
   It has a curse placed upon it.
 z - a +0 cloak of magic resistance (worn)
 C - a +0 robe of resistance
Jewellery
 i - an uncursed ring of wizardry
 m - a +3 ring of dexterity (right hand)
 q - a +2 ring of strength (left hand)
 I - an amulet of magic regeneration (around neck)
Wands
 o - a wand of enslavement (15)
 r - a wand of polymorph (16)
 x - a wand of disintegration (34)
 B - a wand of flame (31)
 D - a wand of random effects (26)
 E - a wand of paralysis (15)
 G - a wand of digging (15)
Scrolls
 a - 5 scrolls of remove curse {unknown}
 h - 2 scrolls of fear {unknown}
 k - 3 scrolls of enchant weapon
 n - 9 scrolls of amnesia
 p - 4 scrolls of teleportation
 s - 3 scrolls of identify
 t - 2 scrolls of noise {unknown}
 v - 4 scrolls of magic mapping
 y - a scroll of immolation {unknown}
 F - 2 scrolls of enchant armour {unknown}
 J - a scroll of random uselessness {unknown}
Potions
 b - 2 potions of curing
 e - 2 potions of agility
 g - 3 potions of lignification
 j - 2 potions of brilliance
 w - a potion of flight
 H - a potion of heal wounds
Books
 A - a book of Misfortune

   Spells                             Type                      Level
   a - Confusing Touch                Hexes                        1
   b - Confuse                        Hexes                        3
   c - Gell's Gravitas                Translocation                3
   d - Petrify                        Transmutation/Earth          4
   e - Metabolic Englaciation         Hexes/Ice                    5
   f - Yara's Violent Unravelling     Hexes/Transmutation          5
Comestibles
 f - 13 rations
 K - 3 chunks of flesh


   Skills:
 + Level 10.1 Fighting
 * Level 17.2 Polearms
 - Level 2.0 Throwing
 + Level 12.2 Dodging


You had 10 spell levels left.
You didn't know any spells.

Dungeon Overview and Level Annotations

Branches:
Dungeon (11/15)            Temple (0/1) D:5            Lair (0/6) D:10
    Orc (1/2) D:9

Altars:
Dithmenos
Gozag
Makhleb
Okawaru
Uskayaw
Wu Jian
Xom
The Shining One

Shops:
D:4 [   D:8 *   D:9 (

Annotations:
D:10 Urug


Innate Abilities, Weirdness & Mutations

You revert to your normal form in water.
You are very nimble and swift while swimming.
You are very stealthy in the water. (Stealth+)
You have supernaturally acute eyesight. (SInv)
You are somewhat resistant to further mutation.
Your system is resistant to poisons. (rPois)


Message History

There is a staircase back to the Dungeon here.
Attack whom?
Press: ? - help, Dir - move target cursor, f - orc knight
Aim: an orc knight, wielding a great sword and wearing a chain mail You reach to attack!
You hit the orc knight but do no damage.
The orc knight hits you with a great sword!
* * * LOW HITPOINT WARNING * * *
You climb upwards.
Welcome back to the Dungeon!
There is a staircase to the Orcish Mines here.
Okay, then.
You hit the orc knight but do no damage.
You hit the orc knight.
The orc knight is lightly wounded.
You puncture the orc knight!
The orc knight is moderately wounded.
You hit the orc knight but do no damage.
The orc knight is moderately wounded.
The orc knight hits you with a great sword!!
You die...

# #.# #.# #### #
#.######.# #
#........# #
#######..# #
#..######### #
#...........
########
##........##
..)..).# ###
########.#
######.#
#@#############.#
.......#
#.o...........#.#
#####..#
#.###########.#.#
# #..# #.# #.#.##
# #..# #.# #....#
# #..#########.#
##).... #
#............#
#.<....
#####.############
#...... ..(....#
############......


You could see an orc knight.

Vanquished Creatures
  Erolcha (D:10)
  2 two-headed ogres
  Pikel (D:7)
  An ugly thing (D:11)
  A guardian serpent (D:9)
  A hornet (D:10)
  Grinder (D:4)
  3 hippogriffs
  Sigmund (D:3)
  8 yaks
  A vampire (D:9)
  A human (D:7)
  Eustachio (D:5)
  2 hogs (D:7)
  Edmund (D:5)
  Duvessa (D:6)
  A black bear (D:8)
  3 ice beasts
  2 sky beasts
  An eye of draining (shapeshifter) (D:9)
  A phantom (D:5)
  2 slaves (D:7)
  3 eyes of draining
  An orc warrior (D:7)
  A necrophage (D:6)
  5 ogres
  6 centaurs
  2 bullfrogs
  A gnoll sergeant (D:6)
  Dowan (D:6)
  6 scorpions
  7 wights
  2 vampire bats (D:5)
  4 howler monkeys
  2 crimson imps (D:9)
  A bullfrog zombie (D:9)
  4 orc wizards
  2 centaur skeletons
  2 jellies
  5 hounds
  2 bullfrog skeletons
  2 orc priests
  A gnoll shaman (D:7)
  Crazy Yiuf (D:4)
  3 iguanas
  5 worker ants
  The ghost of Iko the Ruffian, a weakling BaTm (D:3)
  A hound skeleton (D:6)
  A worker ant zombie (D:8)
  5 adders
  13 gnolls (D:7)
  An ooze (D:2)
  An adder skeleton (D:8)
  3 worms
  3 dart slugs
  5 leopard geckos
  20 orcs
  22 bats
  6 giant cockroaches
  7 goblins
  6 hobgoblins
  9 jackals
  6 kobolds
  9 quokkas
  3 ball pythons
  6 frilled lizards
  A leopard gecko skeleton (D:5)
  2 quokka skeletons
  6 rats
  A butterfly (D:7)
244 creatures vanquished.

Notes
Turn   | Place    | Note
-------+----------+-------------------------------------------
     0 | D:1      | diana the Merfolk Gladiator began the quest for the Orb.
     0 | D:1      | Reached XP level 1. HP: 16/16 MP: 1/1
    15 | D:1      | Reached XP level 2. HP: 19/23 MP: 2/2
   170 | D:1      | Reached skill level 5 in Polearms
   469 | D:1      | Reached XP level 3. HP: 26/28 MP: 3/3
   962 | D:2      | Reached XP level 4. HP: 35/35 MP: 4/4
  1152 | D:2      | Reached skill level 6 in Polearms
  1357 | D:2      | Found an iron altar of Okawaru.
  1559 | D:2      | Became a worshipper of Warmaster Okawaru
  1761 | D:3      | Noticed Sigmund
  1794 | D:3      | Noticed Iko's ghost (weakling BaTm)
  1926 | D:4      | Reached skill level 5 in Dodging
  1947 | D:4      | Reached XP level 5. HP: 37/41 MP: 5/5
  1963 | D:4      | Noticed Grinder
  1973 | D:5      | Entered Level 5 of the Dungeon
  1980 | D:5      | Reached skill level 7 in Polearms
  2110 | D:5      | Reached XP level 6. HP: 22/48 MP: 6/6
  2141 | D:5      | Gained mutation: You are clumsy. (Dex -2) [potion of mutation]
  2141 | D:5      | Gained mutation: Your system is resistant to poisons. (rPois) [potion of mutation]
  2141 | D:5      | Gained mutation: Your mind is acute. (Int +2) [potion of mutation]
  2158 | D:5      | Reached * piety under Okawaru
  2434 | D:5      | Reached skill level 8 in Polearms
  2807 | D:3      | Killed Iko's ghost
  3070 | D:3      | Found a shadowy altar of Dithmenos.
  3154 | D:3      | Killed Sigmund
  3154 | D:3      | Reached XP level 7. HP: 55/55 MP: 7/7
  3169 | D:3      | Reached skill level 9 in Polearms
  3174 | D:3      | Reached ** piety under Okawaru
  3570 | D:4      | Killed Grinder
  3570 | D:4      | Reached skill level 5 in Fighting
  3693 | D:4      | Reached XP level 8. HP: 57/62 MP: 8/8
  3699 | D:4      | Found Xaonkaol's Antique Armour Boutique.
  3707 | D:4      | Lost mutation: Your mind is acute. (Int +2) [potion of mutation]
  3707 | D:4      | Lost mutation: You are clumsy. (Dex -2) [potion of mutation]
  3707 | D:4      | Gained mutation: You are resistant to hostile enchantments. (MR+) [potion of mutation]
  3707 | D:4      | Gained mutation: Potions are less effective at restoring your health. [potion of mutation]
  3707 | D:4      | Gained mutation: You have supernaturally acute eyesight. (SInv) [potion of mutation]
  3721 | D:4      | Bought a brightly glowing robe for 136 gold pieces
  3731 | D:4      | Identified the cursed +1 robe of Uskayaw's Hope {MR+} (You bought it in a shop on level 4 of the Dungeon)
  3735 | D:4      | Noticed Edmund
  3766 | D:4      | Found the +4 Vampire's Tooth {vamp}
  3804 | D:5      | Reached skill level 10 in Polearms
  3948 | D:5      | Killed Edmund
  4377 | D:5      | Reached *** piety under Okawaru
  4551 | D:5      | Found a staircase to the Ecumenical Temple.
  4660 | D:5      | Lost mutation: Potions are less effective at restoring your health. [potion of mutation]
  4660 | D:5      | Lost mutation: You are resistant to hostile enchantments. (MR+) [potion of mutation]
  4660 | D:5      | Gained mutation: You are somewhat resistant to further mutation. [potion of mutation]
  4760 | D:5      | Reached skill level 11 in Polearms
  5027 | D:4      | Found a runed door.
  5104 | D:4      | Noticed Crazy Yiuf
  5112 | D:4      | Killed Crazy Yiuf
  5211 | D:6      | Noticed Duvessa
  5221 | D:6      | Noticed Eustachio
  5224 | D:6      | Noticed Dowan
  5480 | D:6      | Found a hide-covered altar of Uskayaw.
  5480 | D:6      | Noticed a dagger
  5480 | D:6      | Noticed a dagger
  5799 | D:5      | Reached XP level 9. HP: 40/71 MP: 9/9
  5817 | D:5      | Killed Eustachio
  5817 | D:5      | Reached skill level 12 in Polearms
  6279 | D:6      | Reached **** piety under Okawaru
  6351 | D:6      | Killed Duvessa
  6360 | D:6      | Found a burning altar of Makhleb.
  6370 | D:6      | Killed Dowan
  6780 | D:7      | Reached skill level 13 in Polearms
  7367 | D:7      | Reached ***** piety under Okawaru
  7420 | D:7      | Reached XP level 10. HP: 38/80 MP: 10/10
  7432 | D:7      | Reached skill level 14 in Polearms
  7759 | D:7      | Reached skill level 10 in Dodging
  7803 | D:7      | Noticed Pikel
  7821 | D:7      | Killed Pikel
  7948 | D:7      | Found a shimmering altar of Xom.
  8264 | D:7      | Reached skill level 15 in Polearms
  8389 | D:8      | Found Gozag's Platinum Reserve.
  8397 | D:8      | Found an opulent altar of Gozag.
  8543 | D:8      | Noticed a two-headed ogre
  8550 | D:8      | Killed a two-headed ogre
  8550 | D:8      | Received a gift from Okawaru
  8868 | D:8      | Found an ornate altar of the Wu Jian Council.
  8966 | D:8      | Found a glowing golden altar of the Shining One.
  9126 | D:9      | Reached XP level 11. HP: 80/89 MP: 2/11
  9325 | D:9      | Reached skill level 16 in Polearms
  9845 | D:9      | Found Xoanoj's Weapon Boutique.
  9890 | D:9      | Found a staircase to the Orcish Mines.
 10037 | D:10     | Entered Level 10 of the Dungeon
 10065 | D:10     | Found a staircase to the Lair.
 10344 | D:10     | Noticed Erolcha
 10388 | D:11     | Noticed a red ugly thing
 10422 | D:11     | Killed a red ugly thing
 10422 | D:11     | Received a gift from Okawaru
 10862 | D:11     | Noticed a two-headed ogre
 10872 | D:11     | Killed a two-headed ogre
 10872 | D:11     | Reached skill level 10 in Fighting
 10872 | D:11     | Reached skill level 17 in Polearms
 10908 | D:11     | Noticed a death knight
 11004 | D:10     | Killed Erolcha
 11035 | D:10     | Got a shimmering trident
 11036 | D:10     | Identified the +6 trident "Orchaane" {speed, +Inv} (You found it on level 10 of the Dungeon)
 11090 | D:10     | Noticed Urug
 11150 | Orc:1    | Entered Level 1 of the Orcish Mines
 11155 | Orc:1    | Noticed an orc knight
 11176 | D:9      | Slain by an orc knight

Skill      XL: |  1  2  3  4  5  6  7  8  9 10 11 |
---------------+----------------------------------+-----
Polearms       | 5 6 7 8 9 11 13 15 17 | 17.2
Fighting       | 3 4 5 6 7 9 10 | 10.1
Dodging        | 5 6 7 8 9 11 12 | 12.2
Throwing       | |  2.0

Action                   |  1- 3 |  4- 6 |  7- 9 | 10-12 || total
-------------------------+-------+-------+-------+-------++-------
Melee: Trident           |    96 |   186 |   566 |   396 ||  1244
       Punch             |       |       |     2 |       ||     2
Invok: Heroism           |       |       |     1 |       ||     1
  Use: Potion            |       |     2 |     6 |     3 ||    11
       Scroll            |       |     7 |       |     2 ||     9
 Stab: Sleeping          |     1 |     6 |     2 |     3 ||    12
       Invisible         |       |     1 |     4 |       ||     5
  Eat: Chunk             |       |     3 |     8 |     9 ||    20
       Ration            |       |     1 |     2 |     1 ||     4
Armor: Leather armour    |    16 |    15 |     4 |       ||    35
       Robe              |       |       |    57 |    13 ||    70
Dodge: Dodged            |    52 |   106 |   383 |   149 ||   690
